[ AOE2 MATCH · #470477891 ]
1v1 RMBurgundians vs Cumans
Rival team · LOSS
[ REPLAY ANALYSIS · EXTRACTED FROM THE RECORDED GAME ]
Feudal
11:54
Castle
15:54
Imperial
29:08
| APM avg | 16.8 |
| APM peak | 33 |
| eAPM avg | 12.8 |
| Villagers / military | 171 / 253 |
Focus
⚔️ 29.9% · 🌾 70.1%
Hand Cannoneer ×113 · Skirmisher ×88 · Scout Cavalry ×39 · Bombard Cannon ×6 · Trebuchet (Packed) ×3 · Coustillier ×3
Feudal
9:29
Castle
25:43
Imperial
36:54
| APM avg | 31.0 |
| APM peak | 124 |
| eAPM avg | 18.9 |
| Villagers / military | 124 / 265 |
Focus
⚔️ 30.5% · 🌾 69.5%
Skirmisher ×108 · Scout Cavalry ×77 · Cavalry Archer ×30 · Archer ×29 · Battering Ram ×15 · Trebuchet (Packed) ×4
Match map
Initial resources + every placement click. Lines = walls · curves = elevation contours. ◆ gold · ⬟ stone · ● berries · ✦ relic · ◌ wall gap
Your base· ✓ Closed at 15:54 · 0t walls · 2 gate(s)
gametuete's base· ✓ Closed at 25:43 · 0t walls · 2 gate(s)
Smoothed initial terrain · ◌ = detected wall gap · hover for details
Inputs per minute
— CryAndDie - - gametuete
Build order — CryAndDie
First 150 of 333 actions detected
| 0:02 | Build | House |
| 0:04 | Build | House |
| 0:06 | Create | Villager (Male) |
| 0:06 | Create | Villager (Male) |
| 0:06 | Create | Villager (Male) |
| 0:07 | Create | Villager (Male) |
| 0:07 | Create | Villager (Male) |
| 1:30 | Create | Villager (Male) |
| 1:30 | Create | Villager (Male) |
| 1:58 | Build | Lumber Camp |
| 2:13 | Create | Villager (Male) |
| 2:13 | Create | Villager (Male) |
| 2:31 | Create | Villager (Male) |
| 2:32 | Create | Villager (Male) |
| 2:58 | Create | Villager (Male) |
| 2:59 | Create | Villager (Male) |
| 3:09 | Create | Villager (Male) |
| 3:47 | Create | Villager (Male) |
| 3:47 | Create | Villager (Male) |
| 4:05 | Build | House |
| 4:07 | Build | House |
| 4:15 | Create | Villager (Male) |
| 4:15 | Create | Villager (Male) |
| 4:32 | Build | Mill |
| 4:36 | Build | House |
| 4:44 | Create | Villager (Male) |
| 4:44 | Create | Villager (Male) |
| 4:44 | Create | Villager (Male) |
| 5:05 | Create | Villager (Male) |
| 5:23 | Create | Villager (Male) |
| 5:23 | Create | Villager (Male) |
| 5:52 | Research | Double-Bit Axe |
| 6:14 | Create | Villager (Male) |
| 6:31 | Create | Villager (Male) |
| 6:44 | Build | Farm |
| 6:46 | Build | Farm |
| 6:59 | Create | Villager (Male) |
| 6:59 | Create | Villager (Male) |
| 7:33 | Create | Villager (Male) |
| 7:34 | Create | Villager (Male) |
| 7:34 | Create | Villager (Male) |
| 8:19 | Create | Villager (Male) |
| 8:21 | Create | Villager (Male) |
| 9:06 | Build | Mining Camp |
| 9:17 | Research | Feudal Age |
| 9:28 | Build | Mill |
| 9:34 | Build | Barracks |
| 10:00 | Create | Villager (Male) |
| 10:00 | Create | Villager (Male) |
| 10:01 | Create | Villager (Male) |
| 11:32 | Build | House |
| 11:54 | Age | Feudal Age |
| 11:59 | Build | Archery Range |
| 12:07 | Build | Blacksmith |
| 12:15 | Research | Horse Collar |
| 13:14 | Research | Castle Age |
| 13:44 | Research | Heavy Plow |
| 13:44 | Research | Heavy Plow |
| 14:19 | Research | Bow Saw |
| 14:34 | Build | Farm |
| 14:37 | Build | Farm |
| 14:39 | Build | Farm |
| 14:42 | Build | Farm |
| 14:45 | Build | Farm |
| 14:48 | Build | Farm |
| 15:06 | Build | Farm |
| 15:17 | Create | Villager (Male) |
| 15:29 | Research | Wheelbarrow |
| 15:54 | Age | Castle Age |
| 15:57 | Build | Town Center |
| 16:03 | Build | Town Center |
| 16:13 | Research | Town Watch |
| 16:14 | Research | Loom |
| 16:22 | Build | Farm |
| 16:26 | Build | Farm |
| 16:32 | Build | Farm |
| 16:43 | Build | Farm |
| 16:46 | Build | Farm |
| 16:50 | Build | Farm |
| 16:52 | Build | Farm |
| 17:16 | Research | Stone Mining |
| 17:20 | Create | Villager (Male) |
| 17:20 | Create | Villager (Male) |
| 17:24 | Create | Villager (Male) |
| 17:24 | Create | Villager (Male) |
| 17:37 | Build | Farm |
| 17:42 | Create | Villager (Male) |
| 18:07 | Create | Villager (Male) |
| 18:07 | Create | Villager (Male) |
| 18:08 | Create | Villager (Male) |
| 18:17 | Create | Villager (Male) |
| 18:17 | Create | Villager (Male) |
| 18:19 | Create | Villager (Male) |
| 18:29 | Create | Villager (Male) |
| 18:29 | Create | Villager (Male) |
| 18:48 | Create | Villager (Male) |
| 18:48 | Create | Villager (Male) |
| 18:49 | Create | Villager (Male) |
| 18:55 | Create | Villager (Male) |
| 19:07 | Build | Town Center |
| 19:10 | Build | Farm |
| 19:11 | Build | Farm |
| 19:12 | Build | Farm |
| 19:13 | Create | Villager (Male) |
| 19:22 | Create | Villager (Male) ×2 |
| 19:30 | Create | Villager (Male) |
| 19:31 | Create | Villager (Male) |
| 19:43 | Create | Villager (Male) |
| 19:51 | Build | House |
| 19:56 | Build | House |
| 19:58 | Build | House |
| 20:00 | Build | House |
| 20:01 | Build | House |
| 20:02 | Create | Villager (Male) ×2 |
| 20:08 | Build | Farm |
| 20:10 | Build | Farm |
| 20:11 | Build | Farm |
| 20:17 | Create | Villager (Male) ×2 |
| 20:47 | Create | Villager (Male) ×4 |
| 21:17 | Build | Mining Camp |
| 21:26 | Build | Town Center |
| 21:28 | Create | Villager (Male) ×5 |
| 21:32 | Build | Farm |
| 21:47 | Build | Farm |
| 21:48 | Build | Farm |
| 21:49 | Build | Farm |
| 21:51 | Create | Villager (Male) |
| 21:57 | Build | House |
| 21:59 | Build | House |
| 22:00 | Build | House |
| 22:01 | Build | House |
| 22:03 | Build | House |
| 22:04 | Build | House |
| 22:07 | Create | Villager (Male) ×5 |
| 22:11 | Create | Villager (Male) |
| 22:22 | Research | Gold Mining |
| 22:33 | Build | Farm |
| 22:35 | Build | Farm |
| 22:36 | Create | Villager (Male) ×4 |
| 22:53 | Build | House |
| 22:54 | Build | House |
| 22:55 | Build | House |
| 22:57 | Create | Villager (Male) ×3 |
| 23:03 | Build | Farm |
| 23:04 | Build | Farm |
| 23:05 | Build | Farm |
| 23:11 | Build | Farm |
| 23:13 | Build | Farm |
| 23:15 | Build | Farm |
| 23:16 | Create | Villager (Male) ×4 |
Build order — gametuete
First 150 of 405 actions detected
| 0:00 | Create | Villager (Male) |
| 0:01 | Create | Villager (Male) |
| 0:02 | Build | House |
| 0:04 | Build | House |
| 0:33 | Create | Villager (Male) |
| 0:33 | Create | Villager (Male) |
| 1:29 | Create | Villager (Male) |
| 1:29 | Create | Villager (Male) |
| 1:52 | Create | Villager (Male) |
| 2:16 | Create | Villager (Male) |
| 2:42 | Build | Lumber Camp |
| 2:54 | Create | Villager (Male) |
| 2:55 | Create | Villager (Male) |
| 3:03 | Build | House |
| 3:53 | Create | Villager (Male) |
| 3:53 | Create | Villager (Male) |
| 4:01 | Create | Villager (Male) |
| 4:01 | Create | Villager (Male) |
| 4:07 | Build | House |
| 5:07 | Create | Villager (Male) |
| 5:37 | Create | Villager (Male) |
| 5:37 | Create | Villager (Male) |
| 6:09 | Build | Mill |
| 6:24 | Create | Villager (Male) |
| 6:49 | Create | Villager (Male) |
| 6:55 | Research | Loom |
| 7:08 | Build | Mill |
| 7:16 | Research | Feudal Age |
| 8:40 | Create | Villager (Male) |
| 9:29 | Age | Feudal Age |
| 9:39 | Create | Villager (Male) |
| 9:50 | Build | Town Center |
| 10:04 | Create | Villager (Male) |
| 10:19 | Research | Double-Bit Axe |
| 10:32 | Build | House |
| 10:39 | Create | Villager (Male) |
| 10:40 | Create | Villager (Male) |
| 10:41 | Create | Villager (Male) |
| 11:18 | Build | House |
| 11:24 | Build | House |
| 11:30 | Create | Villager (Male) |
| 11:30 | Create | Villager (Male) |
| 11:42 | Research | Wheelbarrow |
| 11:44 | Create | Villager (Male) |
| 11:54 | Create | Villager (Male) ×5 |
| 12:17 | Create | Villager (Male) |
| 12:18 | Create | Villager (Male) |
| 12:53 | Build | Barracks |
| 12:58 | Create | Villager (Male) |
| 13:20 | Research | Horse Collar |
| 13:32 | Build | House |
| 13:33 | Build | House |
| 13:54 | Build | Farm |
| 13:54 | Build | Farm |
| 13:55 | Build | Farm |
| 13:55 | Build | Farm |
| 14:11 | Build | Archery Range |
| 14:13 | Create | Villager (Male) |
| 14:13 | Create | Villager (Male) |
| 14:40 | Create | Villager (Male) |
| 14:40 | Create | Villager (Male) |
| 14:51 | Create | Villager (Male) |
| 14:51 | Create | Villager (Male) |
| 14:57 | Build | Blacksmith |
| 15:09 | Create | Villager (Male) |
| 15:09 | Create | Villager (Male) |
| 15:17 | Build | Farm |
| 15:21 | Create | Villager (Male) |
| 15:22 | Create | Villager (Male) |
| 15:25 | Create | Villager (Male) |
| 15:25 | Create | Villager (Male) |
| 15:38 | Create | Villager (Male) |
| 15:38 | Create | Villager (Male) |
| 15:49 | Build | Siege Workshop |
| 15:59 | Build | House |
| 16:09 | Build | Farm |
| 16:14 | Build | Farm |
| 16:15 | Create | Villager (Male) |
| 16:16 | Create | Villager (Male) |
| 16:16 | Create | Villager (Male) |
| 16:16 | Create | Villager (Male) |
| 16:21 | Build | Farm |
| 16:22 | Build | Farm |
| 16:22 | Build | Farm |
| 16:22 | Build | Farm |
| 16:22 | Build | Farm |
| 16:23 | Build | Farm |
| 16:23 | Build | Farm |
| 16:23 | Build | Farm |
| 16:23 | Build | Farm |
| 16:28 | Create | Villager (Male) |
| 16:37 | Build | House |
| 16:39 | Build | House |
| 16:41 | Build | House |
| 16:42 | Build | House |
| 16:48 | Build | House |
| 16:50 | Build | House |
| 16:52 | Build | House |
| 16:54 | Build | House |
| 16:55 | Build | House |
| 16:56 | Build | House |
| 16:57 | Build | House |
| 16:59 | Build | House |
| 17:02 | Create | Villager (Male) |
| 17:03 | Create | Villager (Male) |
| 17:15 | Build | Archery Range |
| 17:18 | Build | Archery Range |
| 17:20 | Build | House |
| 17:25 | Create | Villager (Male) |
| 17:25 | Create | Villager (Male) |
| 17:28 | Create | Villager (Male) |
| 17:28 | Create | Villager (Male) |
| 17:39 | Create | Villager (Male) |
| 17:39 | Create | Villager (Male) |
| 17:53 | Build | Farm |
| 17:53 | Build | Farm |
| 17:53 | Build | Farm |
| 17:54 | Build | Farm |
| 17:54 | Build | Farm |
| 17:58 | Create | Villager (Male) |
| 18:31 | Build | House |
| 18:34 | Create | Villager (Male) |
| 18:35 | Create | Villager (Male) |
| 18:35 | Create | Villager (Male) |
| 18:35 | Create | Villager (Male) |
| 18:47 | Build | House |
| 18:47 | Build | House |
| 18:48 | Build | House |
| 18:48 | Build | House |
| 18:48 | Build | House |
| 18:48 | Build | House |
| 18:48 | Build | House |
| 18:49 | Build | House |
| 18:49 | Build | House |
| 18:58 | Build | House |
| 18:59 | Build | House |
| 19:00 | Build | House |
| 19:01 | Build | House |
| 19:03 | Create | Villager (Male) |
| 19:04 | Create | Villager (Male) |
| 19:13 | Create | Villager (Male) |
| 19:13 | Create | Villager (Male) |
| 19:28 | Build | Mining Camp |
| 19:34 | Research | Fletching |
| 19:34 | Research | Padded Archer Armor |
| 20:01 | Build | Mining Camp |
| 20:07 | Create | Villager (Male) |
| 20:08 | Create | Villager (Male) |
| 20:40 | Build | Mining Camp |
| 20:43 | Create | Villager (Male) |
Match timeline
| 9:29 | gametuete · age_up feudal |
| 9:34 | CryAndDie · first_building Barracks |
| 11:54 | CryAndDie · age_up feudal |
| 11:59 | CryAndDie · first_building Archery Range |
| 12:53 | gametuete · first_building Barracks |
| 14:11 | gametuete · first_building Archery Range |
| 15:49 | gametuete · first_building Siege Workshop |
| 15:54 | CryAndDie · age_up castle |
| 24:18 | CryAndDie · first_building Castle |
| 25:16 | gametuete · first_building Stable |
| 25:43 | gametuete · age_up castle |
| 25:55 | gametuete · first_building Castle |
| 28:33 | CryAndDie · first_building Siege Workshop |
| 29:08 | CryAndDie · age_up imperial |
| 29:15 | gametuete · wall_segment Palisade Wall x9 |
| 36:54 | gametuete · age_up imperial |
| 45:37 | CryAndDie · first_building Stable |
| 54:17 | gametuete · resign |
[ AI ANALYSIS · 1 CREDIT ]
What really happened in this match?
Wolo.gg analyzes every decision: build order, eco, micro, common mistakes by bracket. Personalized analysis on WhatsApp or Discord in 30 seconds.
Civ guide
Burgundians
Map guide
Arena
Perfil
CryAndDie